 Dungeon Crawl Stone Soup version 0.27-a0-1196-g3e9cee4cb2 (webtiles) character file.

Game seed: 13071790401176285887

224 lightspider the Covered (level 5, 0/42 HPs)
             Began as a Demonspawn Fighter on May 28, 2021.
             Was an Initiate of Hepliaklqana.
             Slain by a wyvern zombie (9 damage)
             ... on level 5 of the Dungeon.
             The game lasted 00:21:47 (5064 turns).

lightspider the Covered (Demonspawn Fighter)        Turns: 5064, Time: 00:21:48

Health: 0/42       AC: 14    Str: 16 (17) XL:     5   Next: 67%
Magic:  5/5        EV:  3    Int:  8 (9)  God:    Hepliaklqana [......]
Gold:   226        SH:  8    Dex: 10 (13) Spells: 4/4 levels left

rFire    . . .     SeeInvis .   k - +3 long sword
rCold    + . .     Faith    .   c - +0 kite shield
rNeg     . . .     Spirit   .   m - +0 plate armour
rPois    .         Reflect  .   l - +0 helmet
rElec    .         Harm     .   (no cloak)
rCorr    .         Rampage  .   (no gloves)
Will     .....                  o - +0 pair of boots
Stlth    ..........             (no amulet)
HPRegen  0.14/turn              i - ring of protection from cold
MPRegen  0.09/turn              (no ring)

@: mighty
A: claws 1, powered by death 1
a: Renounce Religion


You were on level 5 of the Dungeon.
You worshipped Hepliaklqana.
Hepliaklqana was noncommittal.
You visited 2 branches of the dungeon, and saw 6 of its levels.

You collected 226 gold pieces.

Inventory:

Hand Weapons
 a - a +0 long sword
 k - a +3 long sword (weapon)
 n - a +1 hand axe of freezing
Missiles
 g - 7 atropa-tipped darts (quivered)
 j - 38 bolts
Armour
 b - a +0 scale mail
 c - a +0 kite shield (worn)
 l - a +0 helmet (worn)
 m - a +0 plate armour (worn)
 o - a +0 pair of boots (worn)
 q - a +0 robe
Jewellery
 i - a ring of protection from cold (left claw)
Scrolls
 e - a scroll of vulnerability {unknown}
 s - a scroll of teleportation
 t - a scroll of enchant weapon {unknown}
 v - a scroll of magic mapping {unknown}
Potions
 f - 2 potions of resistance
 h - a potion of brilliance
 p - a potion of magic {unknown}
 r - a potion of curing {unknown}
 u - a potion of cancellation {unknown}


   Skills:
 + Level 3.9 Fighting
 + Level 2.9 Long Blades
 * Level 3.9 Armour
 + Level 1.9 Dodging
 - Level 3.1 Shields


You had 4 spell levels left.
You didn't know any spells.
Your spell library contained the following spells:

 Spells                   Type           Power      Damage    Failure   Level
 Shock                    Conj/Air       0%         1d3       100%        1
 Static Discharge         Conj/Air       0%         N/A       100%        2
 Swiftness                Air            0%         N/A       100%        3
 Airstrike                Air            0%         N/A       100%        4
 Lightning Bolt           Conj/Air       0%         1d11      100%        5


Dungeon Overview and Level Annotations

Branches:
Dungeon (5/15)             Temple (1/1) D:4

Altars:
Ashenzari
Cheibriados
Elyvilon
Fedhas
Gozag
Hepliaklqana
Nemelex Xobeh
Okawaru
Qazlal
Ru
Sif Muna
Vehumet
Wu Jian
Yredelemnul
Zin
The Shining One

Shops:
D:1 (*


Innate Abilities, Weirdness & Mutations

You have sharp fingernails.
You regenerate a little health from kills.


Message History

The hound is almost dead.
The hound bites you but does no damage. The hound bites you.
You closely miss the hound.
The hound is almost dead.
The hound bites you but does no damage. x2
You slash the hound!
You kill the hound!
You block the wyvern zombie's attack.
You feel your strength returning.
You barely miss the wyvern zombie. The wyvern zombie bites you!
The wyvern zombie bites you but does no damage.
You slash the wyvern zombie!
The wyvern zombie is lightly damaged.
The wyvern zombie bites you. You block the wyvern zombie's attack.
You hit the wyvern zombie.
The wyvern zombie is moderately damaged.
The wyvern zombie bites you but does no damage. x2
You hit the wyvern zombie but do no damage.
The wyvern zombie is moderately damaged.
The wyvern zombie bites you but does no damage.
You block the wyvern zombie's attack.
You hit the wyvern zombie.
The wyvern zombie is moderately damaged.
The wyvern zombie bites you! The wyvern zombie bites you.
You hit the wyvern zombie.
The wyvern zombie is heavily damaged.
The wyvern zombie bites you but does no damage.
The wyvern zombie bites you!
* * * LOW HITPOINT WARNING * * *
Okay, then.
Okay, then.
You feel very mighty all of a sudden. The wyvern zombie bites you.
* * * LOW HITPOINT WARNING * * *
You slash the wyvern zombie!
The wyvern zombie is severely damaged.
The wyvern zombie bites you.
* * * LOW HITPOINT WARNING * * *
The wyvern zombie bites you!
You die...

... .. ####### .. .
#.....# #.#. #.....#
# #... #.....#
##.###..# ###.....#
#.......####.......#
...#.....#.......<.#
.........Z@.##.....#
.#..#....#####.....#
#...## #######
....... ..#.....
..........
..........
.[........


You could see a wyvern zombie.

Vanquished Creatures
  A hound (D:5)
  5 gnolls
  3 adders
  An adder skeleton (D:4)
  2 worms
  4 dart slugs
  4 orcs
  4 ball pythons
  8 endoplasms
  A giant cockroach (D:4)
  13 goblins
  11 hobgoblins
  4 jackals (D:2)
  6 kobolds
  4 quokkas
  8 bats
  3 frilled lizards
  9 rats
91 creatures vanquished.

Vanquished Creatures (others)
  3 plants (D:2)
3 creatures vanquished.

Grand Total: 94 creatures vanquished

Notes
Turn   | Place    | Note
-------+----------+-------------------------------------------
     0 | D:1      | lightspider the Demonspawn Fighter began the quest for the
                  | Orb.
     0 | D:1      | Reached XP level 1. HP: 18/18 MP: 1/1
     4 | D:1      | Found Jilanyq's General Store.
   263 | D:1      | Found Esux's Weapon Emporium.
   459 | D:1      | Gained mutation: You regenerate a little health from kills.
                  | [demonic ancestry]
   459 | D:1      | Reached XP level 2. HP: 24/24 MP: 2/2
   717 | D:1      | Found a faded altar of an unknown god.
  1414 | D:1      | Reached skill level 1 in Dodging
  1414 | D:1      | Reached XP level 3. HP: 6/29 MP: 3/3
  2315 | D:2      | Gained mutation: You have sharp fingernails. [demonic
                  | ancestry]
  2315 | D:2      | Reached XP level 4. HP: 35/35 MP: 4/4
  2947 | D:2      | HP: 1/35 [poisoned by an adder]
  3902 | D:3      | Reached XP level 5. HP: 38/42 MP: 5/5
  4358 | D:4      | Paralysed by a goblin for 5 turns
  4367 | D:4      | Paralysed by a goblin for 5 turns
  4451 | D:4      | Found an iron altar of Okawaru.
  4549 | D:4      | Found a staircase to the Ecumenical Temple.
  4565 | Temple   | Entered the Ecumenical Temple
  4649 | Temple   | Became a worshipper of Hepliaklqana the Forgotten
  5036 | D:5      | Entered Level 5 of the Dungeon
  5064 | D:5      | Slain by a wyvern zombie

Illustrated notes

Levels and vault maps discovered:
D:1:      saegor_arrival_simple_c, layout_basic, serial_shops,
          nicolae_shop_window_shopping, nicolae_shop_crystal,
          hellmonk_ecumenical_altar_lost_god
D:2:      minmay_diamond_boxcup, layout_loops_ring, serial_park_tiny_1,
          minmay_misc_feat_iff, serial_bayou_lagoon_b
D:3:      layout_loops_cross
D:4:      layout_basic, okawaru_altar_gauntlet_db, minmay_temple_entry_offerings
D:5:      layout_rooms, lemuel_crystal_altar, hellmonk_ghost_happy_afterlife,
          minmay_divided_ellipse, uniq_duvessa
Temple:   nicolae_temple_no_exploring_needed

Skill      XL: |  1  2 |
---------------+-------+-----
Long Blades    | 2 |  2.9
Armour         | 3 |  3.9
Dodging        | 1 |  1.9
Shields        | 3 |  3.1
Fighting       | |  3.9

Action                   |  1- 3 |  4- 6 || total
-------------------------+-------+-------++-------
Melee: Long sword        |   103 |   269 ||   372
  Use: Scroll            |     2 |     2 ||     4
       Potion            |       |     5 ||     5
Armor: Scale mail        |    47 |       ||    47
       Plate armour      |     5 |   229 ||   234
Dodge: Dodged            |    40 |    43 ||    83
Block: Kite shield       |    74 |   150 ||   224
       Rpst.: Long sword |     8 |    15 ||    23

Table legend: (Time is in decaauts)
 A = Elapsed time spent in this place.
 B = Non-inter-level travel time spent in this place.
 C = Inter-level travel time spent in this place.
 D = Time resting spent in this place.
 E = Time spent auto-exploring this place.
 F = Levels seen in this place.
 G = Mean time per level.
                   A        B        C        D        E       F      G
               +--------+--------+--------+--------+--------+-----+--------+
         Total |   5275 |   5115 |    160 |   1385 |   2313 |   6 |  879.2 |
       Dungeon |   5180 |   5020 |    160 |   1385 |   2313 |   5 | 1036.0 |
        Temple |     94 |     94 |      0 |      0 |      0 |   1 |   94.0 |
               +--------+--------+--------+--------+--------+-----+--------+

Top non-repeatable levels by time:
     D:1: 1951 daAuts
     D:2: 1473 daAuts
     D:3: 964 daAuts
     D:4: 757 daAuts
  Temple: 94 daAuts
     D:5: 33 daAuts
